Unix NetHack Version 3.7.0-53 Work-in-progress - last build Apr 4 2022 15:05:14 (0945cd16e85ecfe9c80600c62adfe552c28f66b8,branch:master). Game began 2022-04-07 08:47:53, ended 2022-04-07 08:58:49. elenmirie, neutral female human Tourist ... ..... ..... - .... |.-- -... ..(G| ... .. -.... .... |.h.- ..... |@G.- ...-. ---..- -.... .-- |........ ..^- ---..... |.... --.-- |<.- --- --- Elenmirie the Rambler St:12 Dx:9 Co:15 In:14 Wi:10 Ch:14 Neutral Dlvl:3 $:132 HP:0(17) Pw:7(7) AC:4 Xp:2/25 T:664 Latest messages: You stop. Cahersiveen is in the way! You miss the goblin. In what direction? b The dart misses the goblin. The goblin misses! In what direction? b You kill the goblin! Welcome to experience level 2. a - 2 blessed +2 darts (at the ready). Coco eats a goblin corpse. In what direction? l You swap places with Coco. You swap places with Coco. You stop. Coco is in the way! You swap places with Coco. You try to move the boulder, but in vain. You swap places with Coco. Ouch! You bump into a door. Ouch! You bump into a door. The door resists! The door opens. You descend the stairs. You materialize in a different location! You hear a B flat squeak in the distance. You hear a B flat squeak in the distance. The gnomish wizard points at you, then curses. The gnomish wizard points at you, then curses. The dwarf throws a stout spear! You are hit by a stout spear! You miss the gnomish wizard. The gnomish wizard points at you, then curses. The dwarf wields a broad short sword! In what direction? l The dart hits the gnomish wizard. The gnomish wizard casts a spell at you! Your brain is on fire! In what direction? l The dart hits the gnomish wizard. The gnomish wizard points all around, then curses. In what direction? l The dart hits the gnomish wizard! The gnomish wizard points at you, then curses. The dwarf thrusts his broad short sword. The dwarf hits! You die... Do you want your possessions identified? [ynq] (y) y Do you want to see your attributes? [ynq] (y) y Do you want an account of creatures vanquished? [ynaq] (y) y Do you want to see your conduct and achievements? [ynq] (y) y Do you want to see the dungeon overview? [ynq] (y) y Major events: Turn 1: elenmirie the neutral female human Tourist entered the dungeon 645: entered the Gnomish Mines 664: killed by a dwarf Inventory: Coins $ - 132 gold pieces Weapons a - 26 blessed +2 darts (at the ready) Armor i - an uncursed +0 Hawaiian shirt with a bird of paradise motif (being worn) m - an uncursed +0 splint mail (being worn) Comestibles b - 6 uncursed food rations d - an uncursed fortune cookie c - an uncursed tripe ration f - an uncursed tin of pickled jackal meat e - an uncursed egg Scrolls h - 4 uncursed scrolls of magic mapping Potions g - 2 uncursed potions of extra healing n - an uncursed potion of gain ability Rings l - an uncursed ring of slow digestion Tools k - an uncursed credit card j - an uncursed expensive camera (0:72) Elenmirie the Tourist's attributes: Background: You were a Rambler, a level 2 female human Tourist. You were neutral, on a mission for The Lady who was opposed by Blind Io (lawful) and Offler (chaotic). You were in the Gnomish Mines, on level 3. You entered the dungeon 664 turns ago. You had 25 experience points, 15 more were needed to attain level 3. Basics: You had 0 out of 17 hit points. You had all 7 energy points (spell power). Your armor class was 4. Your wallet contained 132 zorkmids. Autopickup was on for '$' plus thrown. Final Characteristics: Your strength was 12 (limit:18/100). Your dexterity was 9 (limit:18). Your constitution was 15 (limit:18). Your intelligence was 14 (limit:18). Your wisdom was 10 (limit:18). Your charisma was 14 (limit:18). Final Status: You were not hungry. You were unencumbered. You were bare handed. You were unskilled in bare handed combat. Final Attributes: You were stridently aligned. You were warded. You are dead. Miscellaneous: You never encountered a bones level. Total elapsed playing time was 10 minutes and 45 seconds. Vanquished creatures: 3 jackals a fox 2 goblins a sewer rat a lichen a newt 9 creatures vanquished. No species were genocided or became extinct. Voluntary challenges: You were an atheist. You never hit with a wielded weapon. You were illiterate. You never engraved Elbereth. You never genocided any monsters. You never polymorphed an object. You never changed form. You used no wishes. Achievements: You entered a shop. You entered the Gnomish Mines. The Dungeons of Doom: levels 1 to 3 Level 1: Some fountains. Level 2: A scroll shop, a fountain. Stairs down to The Gnomish Mines. Level 3: The Gnomish Mines: Level 3: <- You were here. Final resting place for you, killed by a dwarf. Game over: ---------- / \ / REST \ / IN \ / PEACE \ / \ | elenmirie | | 132 Au | | killed by a | | dwarf | | | | | | 2022 | *| * * * | * _________)/\\_//(\/(/\)/\//\/|_)_______ Aloha elenmirie the Tourist... You died in The Gnomish Mines on dungeon level 3 with 216 points, and 132 pieces of gold, after 664 moves. You were level 2 with a maximum of 17 hit points when you died.